 Dungeon Crawl Stone Soup version 0.31-a0-23-gcbde74481b (webtiles) character file.

Game seed: 10031107815353067775

558258 ptdevnull the Hill Orc Cataclysm (level 26, -5/255 (261) HPs)
             Began as a Hill Orc Fighter on Dec 15, 2022.
             Was a High Priest of Qazlal.
             Slain by a Tzitzimitl (11 damage)
             ... called by a doom hound
             ... on level 1 of the Crypt on May 14, 2023.
             The game lasted 02:46:01 (67032 turns).

ptdevnull the Hill Orc Cataclysm (HOFi)            Turns: 67032, Time: 02:46:02

HP:   -5/255 (261)  AC: 51    Str: 35    XL:     26   Next: 55%
MP:   49/49         EV: 14    Int: 16    God:    Qazlal [*****.]
Gold: 5479          SH: 28    Dex: 12    Spells: 25/25 levels left

rFire   + . .        a - +11 morningstar of the Moon {heavy, Drain rC+ Str+3 Stlth+}
rCold   + + +        G - +5 kite shield {reflect}
rNeg    . . .        c - +10 plate armour {Will+}
rPois   +            f - +2 helmet {SInv}
rElec   +            Z - +4 dragonskin cloak
rCorr   +            B - +3 pair of gauntlets of War {Slay+5}
SInv    +            O - +3 pair of mountain boots {steadfast, rC+}
Will    +++..        W - amulet "Ykajeg" {Faith rPois Will+ Str-3 SInv} Stlth
                     e - ring of Ebihuet {Contam +Blink rF+ rC+ Str+4}
HPRegen 0.62/turn    b - ring of Miedus {Drain rElec rCorr MP+9 Int+8}
MPRegen 0.31/turn

%: repel missiles, reflection, faith
@: protected from physical damage, doom-hounded, lightly drained
A: thin skeletal structure 1
}: 3/15 runes: decaying, serpentine, silver
a: Renounce Religion, Evoke Blink, Upheaval, Elemental Force, Disaster Area


You were on level 1 of the Crypt.
You worshipped Qazlal.
Qazlal was extremely pleased with you.
You visited 11 branches of the dungeon, and saw 48 of its levels.
You also visited: Trove, Sewer, Bailey, Gauntlet, Ice Cave and Desolation.

You collected 7692 gold pieces.
You spent 2213 gold pieces at shops.

Inventory:

Hand Weapons
 a - the +11 morningstar of the Moon (weapon) {heavy, Drain rC+ Str+3 Stlth+}
   (You took it off a minotaur in a Gauntlet)

   Str:       It affects your strength (+3).
   rC:        It protects you from cold.
   Drain:     It drains your maximum health when unequipped.
   Stlth:     It makes you more stealthy.
 j - a +4 broad axe of protection
 k - a +3 vampiric broad axe
 T - a +3 arbalest of flaming
Armour
 c - a +10 plate armour of willpower (worn)
 f - a +2 helmet of see invisible (worn)
 B - the +3 pair of gauntlets of War (worn) {Slay+5}
   (You found it on level 5 of the Vaults)

   Slay:      It affects your accuracy & damage with ranged weapons and melee
   (+5).
 G - a +5 kite shield of reflection (worn)
 H - the +4 pair of boots of the Blue Skies {rC+ Int+3 Dex-3 SInv}
   (You found it on level 3 of the Snake Pit)

   Int:       It affects your intelligence (+3).
   Dex:       It affects your dexterity (-3).
   rC:        It protects you from cold.
   SInv:      It lets you see invisible.
 O - the +3 pair of mountain boots (worn) {steadfast, rC+}
   (You bought it in a shop on level 1 of the Orcish Mines)

   Steadfast: It prevents involuntary movement, except for blinking,
   teleportation, or banishment.
   rC:        It protects you from cold.
 Y - +0 gold dragon scales
 Z - the +4 dragonskin cloak (worn)
   (You took it off Tiamat on level 4 of the Realm of Zot)

   Avatar's Aegis: It grants the wearer a chance to resist fire, cold, poison,
   electricity, acid, and negative energy.
Jewellery
 b - the ring of Miedus (right hand) {Drain rElec rCorr MP+9 Int+8}
   (You found it on level 6 of the Dungeon)

   [ring of magical power]

   Int:       It affects your intelligence (+8).
   rElec:     It insulates you from electricity.
   MP:        It affects your magic capacity (+9).
   rCorr:     It protects you from acid and corrosion.
   Drain:     It drains your maximum health when unequipped.
 e - the ring of Ebihuet (left hand) {Contam +Blink rF+ rC+ Str+4}
   (You took it off a deep elf demonologist on level 3 of the Elven Halls)

   [ring of protection from fire]

   Str:       It affects your strength (+4).
   rF:        It protects you from fire.
   rC:        It protects you from cold.
   +Blink:    It lets you blink.
   Contam:    It causes magical contamination when unequipped.
 E - the amulet "Yruarchey" {Faith Drain Str+7}
   (You found it on level 5 of the Vaults)

   [amulet of faith]

   It allows you to gain divine favour quickly.
   Str:       It affects your strength (+7).
   Drain:     It drains your maximum health when unequipped.
 Q - the ring "Neguma" {Will+ Int+6}
   (You found it in the Desolation of Salt)

   [ring of intelligence]

   Int:       It affects your intelligence (+6).
   Will:      It increases your willpower.
 R - an amulet of regeneration
 W - the amulet "Ykajeg" (around neck) {Faith rPois Will+ Str-3 SInv}
   (You took it off a deep elf sorcerer on level 3 of the Elven Halls)

   [amulet of faith]

   It allows you to gain divine favour quickly.
   Str:       It affects your strength (-3).
   rPois:     It protects you from poison.
   SInv:      It lets you see invisible.
   Will:      It increases your willpower.
Wands
 l - a wand of digging (8)
 o - a wand of polymorph (4)
 r - a wand of paralysis (6)
 P - a wand of iceblast (3)
Scrolls
 g - 13 scrolls of teleportation
 i - 6 scrolls of torment
 m - 5 scrolls of immolation
 p - 4 scrolls of silence
 u - 6 scrolls of poison
 w - 12 scrolls of fear
 y - 2 scrolls of enchant armour
 M - 5 scrolls of butterflies
 U - 4 scrolls of fog
 V - a scroll of magic mapping
Potions
 h - 7 potions of haste
 n - 5 potions of invisibility
 q - 8 potions of flight
 s - 6 potions of lignification
 v - 4 potions of mutation
 x - 5 potions of cancellation
 A - 10 potions of berserk rage
 D - 11 potions of attraction
 F - 8 potions of might
 I - 3 potions of resistance
 J - 7 potions of magic
 L - 12 potions of curing
 S - a potion of ambrosia


   Skills:
 + Level 26.0 Fighting
 - Level 16.0(21.5) Axes
 - Level 20.0(21.5) Maces & Flails
 + Level 19.5 Armour
 + Level 13.2 Dodging
 + Level 21.7 Shields
 + Level 26.8 Invocations


You had 25 spell levels left.
You didn't know any spells.
Your spell library contained the following spells:

 Spells                   Type           Power      Damage    Failure   Level
 Apportation              Tloc           0%         N/A       69%         1
 Kiss of Death            Conj/Necr      0%         2d5       69%         1
 Magic Dart               Conj           0%         1d3       69%         1
 Necrotise                Necr           0%         1d4       69%         1
 Sandblast                Erth           0%         2d4       69%         1
 Shock                    Conj/Air       0%         1d3       69%         1
 Summon Small Mammal      Summ           0%         N/A       69%         1
 Blink                    Tloc           0%         N/A       83%         2
 Call Imp                 Summ           0%         N/A       83%         2
 Cigotuvi's Dreadful Rot  Necr/Pois/Air  0%         N/A       83%         2
 Ensorcelled Hibernation  Hex/Ice        0%         N/A       83%         2
 Lesser Beckoning         Tloc           0%         N/A       83%         2
 Passwall                 Tmut/Erth      0%         N/A       83%         2
 Scorch                   Fire           0%         2d5       83%         2
 Searing Ray              Conj           0%         2d4       83%         2
 Sublimation of Blood     Necr           0%         N/A       83%         2
 Call Canine Familiar     Summ           0%         N/A       96%         3
 Gell's Gravitas          Tloc           0%         N/A       96%         3
 Inner Flame              Hex/Fire       0%         N/A       96%         3
 Mephitic Cloud           Conj/Pois/Air  0%         N/A       96%         3
 Portal Projectile        Hex/Tloc       0%         N/A       96%         3
 Spider Form              Tmut/Pois      0%         N/A       96%         3
 Stone Arrow              Conj/Erth      0%         3d7       96%         3
 Summon Guardian Golem    Hex/Summ       0%         N/A       96%         3
 Swiftness                Air            0%         N/A       96%         3
 Teleport Other           Tloc           0%         N/A       96%         3
 Vampiric Draining        Necr           0%         2d6       96%         3
 Airstrike                Air            0%         2d(0-16)  100%        4
 Anguish                  Hex/Necr       0%         N/A       100%        4
 Animate Armour           Summ/Erth      0%         N/A       100%        4
 Animate Dead             Necr           0%         N/A       100%        4
 Cause Fear               Hex            0%         N/A       100%        4
 Dispel Undead            Necr           0%         3d6       100%        4
 Flame Wave               Conj/Fire      0%         2d4       100%        4
 Fulminant Prism          Conj/Hex       0%         3d5       100%        4
 Leda's Liquefaction      Hex/Erth       0%         N/A       100%        4
 Manifold Assault         Tloc           0%         N/A       100%        4
 Olgreb's Toxic Radiance  Pois           0%         N/A       100%        4
 Passage of Golubria      Tloc           0%         N/A       100%        4
 Petrify                  Tmut/Erth      0%         N/A       100%        4
 Sticky Flame             Conj/Fire      0%         2d3       100%        4
 Summon Lightning Spire   Summ/Air       0%         N/A       100%        4
 Agony                    Necr           0%         N/A       100%        5
 Freezing Cloud           Conj/Ice/Air   0%         6-21      100%        5
 Irradiate                Conj/Tmut      0%         3d11      100%        5
 Iskenderun's Battlesphe  Conj           0%         2d6       100%        5
 Lightning Bolt           Conj/Air       0%         1d11      100%        5
 Silence                  Hex/Air        0%         N/A       100%        5
 Death Channel            Necr           0%         N/A       100%        6
 Iron Shot                Conj/Erth      0%         9d1       100%        6
 Simulacrum               Ice/Necr       0%         N/A       100%        6
 Summon Cactus Giant      Summ           0%         N/A       100%        6
 Haunt                    Necr/Summ      0%         N/A       100%        7
 Malign Gateway           Summ/Tloc      0%         N/A       100%        7
 Orb of Destruction       Conj           0%         9d5       100%        7
 Ozocubu's Refrigeration  Ice            0%         4d7       100%        7
 Spellforged Servitor     Conj/Summ      0%         N/A       100%        7
 Storm Form               Tmut/Air       0%         N/A       100%        7
 Discord                  Hex            0%         N/A       100%        8
 Ignition                 Fire           0%         3d3       100%        8
 Infestation              Necr           0%         N/A       100%        8
 Lehudib's Crystal Spear  Conj/Erth      0%         10d2      100%        8
 Summon Horrible Things   Summ           0%         N/A       100%        8
 Polar Vortex             Ice            0%         N/A       100%        9


Dungeon Overview and Level Annotations

Branches:
Dungeon (15/15)            Temple (1/1) D:4            Lair (5/5) D:10
  Swamp (4/4) Lair:2        Snake (4/4) Lair:3        Slime (0/5) Lair:5
    Orc (2/2) D:11            Elf (3/3) Orc:2        Vaults (5/5) D:14
  Crypt (1/3) Vaults:2     Depths (4/4) D:15            Zot (4/5) Depths:4
  Sewer (visited)          Bailey (visited)           IceCv (visited)
Desolation (visited)      Gauntlet (visited)

Altars:
Ashenzari
Cheibriados
Dithmenos
Elyvilon
Fedhas
Gozag
Hepliaklqana
Kikubaaqudgha
Makhleb
Nemelex Xobeh
Okawaru
Qazlal
Ru
Sif Muna
Trog
Uskayaw
Vehumet
Wu Jian
Xom
Yredelemnul
Zin
The Shining One
Beogh
Jiyva

Shops:
D:6 *   D:14 *   Orc:1 [   Orc:2 :[[(?   Snake:2 [![([   Vaults:5 ?!!?!!
Depths:1 (   Depths:3 ==

Portals:
Hell: Depths:1 Depths:3 Depths:4
Abyss: Depths:3
Pandemonium: Depths:2

Annotations:
Crypt:1 Grunn


Innate Abilities, Weirdness & Mutations

You have a somewhat thin skeletal structure. (Dex +2, Stealth+)


Message History

The reaper is engulfed in spectral mist.
The reaper completely misses you.
The reaper is engulfed in blazing flames.
You block the reaper's attack.
A bone dragon comes into view.
The jiangshi is engulfed in freezing vapours.
You block the jiangshi's attack. x2
Grunn glances around and shouts, "Spike!
Here boy!"
The reaper is engulfed in blazing flames.
You block the reaper's attack. You block the jiangshi's attack. x2
The reaper hits you from afar with a +0 vampiric scythe!
* * * LOW HITPOINT WARNING * * *
The reaper draws strength from your wounds!
The Tzitzimitl is engulfed in spectral mist.
The Tzitzimitl gestures at you.
The bolt of negative energy hits the jiangshi.
The jiangshi completely resists.
The bolt of negative energy hits you but does no damage.
You partially resist.
The bolt of negative energy hits the Tzitzimitl.
The Tzitzimitl completely resists.
The bone dragon is caught in a web!
The phantasmal warrior gestures at you.
The phantasmal warrior blinks!
A Tzitzimitl comes into view.
The jiangshi attacks as you move away! You block the jiangshi's attack. x2
The phantasmal warrior attacks as you move away!
The phantasmal warrior hits you.
* * * LOW HITPOINT WARNING * * *
The reaper is caught in a web!
The Tzitzimitl is engulfed in spectral mist.
The Tzitzimitl calls on the powers of darkness!
Your body is wracked with pain!
* * * LOW HITPOINT WARNING * * *
The curse skull calls on the powers of darkness!
Your body is wracked with pain!
* * * LOW HITPOINT WARNING * * *
The bone dragon struggles to get unstuck from the web.
The Tzitzimitl engulfs you!
You die...

#8.^..^..8#
##^......^.##
#8..⌠...⌠..8#
#^^.........#
#⌠.........⌠#
#....<....^.#
#8.○⌠☼..⌠.^8#
##^...1..^^##
#8^.@W.○.8# ###8^.○8###
##DV2## #2☼^#
######'1z####
#...##gzV...#
########...##WZ#○2.#
...........##z##...#
............W☼##...####


You could see Grunn, a bone dragon (webbed), 2 Tzitzimimeh, a revenant, 3
reapers, 2 jiangshi, a curse skull, a phantasmal warrior (summoned), a freezing
wraith (summoned), a spectral caustic shrike (summoned) and a wight (summoned).

Vanquished Creatures
  A dread lich (Vaults:5)
  Tiamat (Zot:4)
  An orb of fire (Zot:1)
  Boris (Depths:4)
  Vv (Depths:2)
  Josephina (Depths:3)
  A Killer Klown (Zot:3)
  2 curse toes (Zot:3)
  Xtahua (Vaults:5)
  A caustic shrike (Depths:3)
  4 golden dragons
  the Enchantress (D:15)
  An electric golem (Zot:1)
  10 tentacled monstrosities
  3 titans
  A lich (Depths:3)
  5 quicksilver dragons
  3 deep elf blademasters (Elf:3)
  The ghost of Huwui the Pandemonic, an adept DjRe of Makhleb (Vaults:2)
  A walking earthen tome (Depths:3)
  Frances (D:13)
  2 deep elf master archers (Elf:3)
  3 sphinxes
  Gastronok (Lair:2)
  11 storm dragons
  6 tengu reavers
  A thorn hunter (Swamp:4)
  6 death cobs
  An azure jelly (shapeshifter) (Vaults:4)
  4 draconian monks
  3 draconian knights
  10 nagarajas (Snake:4)
  Donald (Swamp:4)
  12 shadow dragons
  3 azure jellies (IceCv)
  A rockslime (IceCv)
  2 fenstrider witches
  2 ghost moths
  9 deep elf sorcerers
  8 fire giants
  22 vault wardens
  An iron dragon (Vaults:5)
  2 imperial myrmidons (Desolation)
  5 frost giants
  2 draconian scorchers
  7 draconian shifters
  A balrug (Depths:1)
  4 deep elf elementalists
  5 draconian annihilators
  15 ironbound preservers
  An angel (Depths:2)
  3 orc warlords
  23 very ugly things
  3 draconian stormcallers
  11 ironbound thunderhulks
  9 war gargoyles
  3 quicksilver oozes (IceCv)
  4 spriggan defenders
  9 green draconians
  8 stone giants
  3 eleionomae
  3 deep elf annihilators
  3 deep elf demonologists (Elf:3)
  A vampire knight (Depths:1)
  2 bunyips
  4 spark wasps
  A minotaur (Gauntlet)
  7 purple draconians
  7 yellow draconians
  5 dire elephants
  8 red draconians
  2 halazid warlocks (Desolation)
  6 white draconians
  4 black draconians
  2 green deaths (Swamp:4)
  2 eidola (Crypt:1)
  5 deep elf death magi
  A shambling mangrove (Swamp:3)
  3 crystal guardians
  13 yaktaur captains
  4 entropy weavers
  4 fire dragons
  7 great orbs of eyes
  4 ragged hierophants (Desolation)
  8 ettins
  An ice dragon (shapeshifter) (Vaults:5)
  6 deep elf high priests
  5 servants of whispers (Desolation)
  5 ice dragons
  2 rakshasas
  45 vault guards
  18 hydras
  2 hell beasts
  2 salamander tyrants (Snake:4)
  An ogre mage (D:15)
  2 anacondas
  15 peacekeepers
  4 catoblepae
  3 boulder beetles
  7 ironbound frosthearts
  6 spriggan air magi
  A ghost crab (Swamp:2)
  Erica (Lair:2)
  14 centaur warriors
  2 alligators
  20 dancing weapons
  7 deep troll shamans
  11 two-headed ogres
  4 death yaks (Lair:5)
  An anaconda (shapeshifter) (Vaults:4)
  16 naga warriors
  3 vampire magi
  4 naga sharpshooters (Snake:4)
  3 spriggan berserkers
  6 tengu warriors
  9 deep troll earth magi
  3 orc high priests
  Sonja (Lair:3)
  4 shock serpents
  12 hell knights
  16 deep elf knights
  A soul eater (Depths:1)
  A titan skeleton (Depths:3)
  Amaemon (Lair:1)
  3 iron trolls
  5 skeletal warriors
  Nergalle (D:10)
  4 glowing orange brains
  A salamander mystic (Snake:4)
  7 bog bodies
  2 spriggan druids
  A flayed ghost (Depths:3)
  21 deep trolls
  A goliath frog (Swamp:4)
  4 naga ritualists
  An orb spider (shapeshifter) (Vaults:5)
  3 orange crystal statues
  3 quicksilver dragon simulacra (Depths:3)
  A spriggan simulacrum (Depths:3)
  7 harpies
  10 swamp dragons
  12 deep elf archers
  28 ironbound convokers
  11 lindwurms
  29 deep elf pyromancers
  3 wizards
  7 necromancers
  Pikel (D:4)
  2 wolf spiders (shapeshifter)
  2 oklob plants
  11 orc knights
  27 deep elf zephyrmancers
  3 mana vipers
  A will-o-the-wisp (Swamp:3)
  4 cyclopes
  19 moths of wrath
  11 orc sorcerers
  2 manticores
  13 salamanders
  33 ugly things
  A manticore (shapeshifter) (Vaults:4)
  An iron dragon skeleton (Crypt:1)
  22 elephants
  2 ice statues (Elf:2)
  24 black mambas
  10 guardian serpents
  11 naga magi
  3 orange demons
  24 vault sentinels
  A human skeleton (Vaults:4)
  6 molten gargoyles (Desolation)
  3 gargoyles
  7 cane toads
  A cane toad (shapeshifter) (D:14)
  2 torpor snails
  Maggie (D:10)
  A death yak zombie (Crypt:1)
  A yaktaur (shapeshifter) (Vaults:5)
  A spark wasp simulacrum (Depths:3)
  7 komodo dragons
  A yaktaur zombie (Vaults:4)
  A freezing wraith (Vaults:4)
  2 kobold demonologists
  33 yaktaurs
  3 tengu conjurers
  A bloated husk (Swamp:1)
  The ghost of ThrustWizard the Geomancer, a novice GrEE (D:5)
  11 tyrant leeches
  11 trolls
  6 polar bears
  A sphinx simulacrum (Depths:3)
  11 hornets
  A tarantella (Vaults:3)
  A polar bear (shapeshifter) (D:14)
  46 saltlings (Desolation)
  57 slime creatures
  7 blink frogs
  3 air elementals
  A vampire (D:12)
  A centaur simulacrum (D:14)
  9 spriggans
  6 shadows
  2 fire elementals
  5 wraiths
  5 water elementals
  10 wyverns
  A hog (shapeshifter) (Elf:1)
  5 basilisks
  2 humans (Swamp:2)
  61 yaks
  2 hogs (D:13)
  A steam dragon (D:5)
  A human simulacrum (Vaults:4)
  6 redbacks
  8 vampire mosquitoes
  19 swamp worms
  Menkaure (D:4)
  Edmund (D:5)
  3 acid dragons
  14 wargs
  Duvessa (D:5)
  34 nagas
  10 water moccasins
  A floating eye (Depths:3)
  10 black bears
  51 orc warriors
  6 great orb of eyes simulacra (IceCv)
  3 sky beasts
  5 swamp drakes (Swamp:2)
  9 ogres
  5 boggarts
  24 wolves
  6 centaurs
  A phantom (D:7)
  2 slime creature simulacra (IceCv)
  3 kobold brigands
  2 necrophages (D:7)
  12 bullfrogs
  3 earth elementals
  3 glowing shapeshifter simulacra
  A gnoll sergeant (D:7)
  4 scorpions (D:7)
  4 wights
  Dowan (D:5)
  12 killer bees
  13 howler monkeys
  7 electric eels
  9 hounds
  Crazy Yiuf (D:2)
  A basilisk zombie (Crypt:1)
  25 orc priests
  2 gnoll boudas
  9 jellies
  45 orc wizards
  2 iguanas
  6 hell rats (Lair:3)
  14 gnolls
  6 adders
  14 river rats
  3 shadow imps
  2 white imps
  An ufetubus (D:7)
  5 worms
  A dart slug (D:1)
  111 orcs
  5 bats
  15 endoplasms
  12 giant cockroaches
  15 goblins
  10 hobgoblins
  2 jackals (D:1)
  19 kobolds
  10 quokkas
  16 ball pythons
  6 frilled lizards
  24 rats
2048 creatures vanquished.

Vanquished Creatures (collateral kills)
  Nikola (Snake:1)
  A tengu reaver (Vaults:5)
  A slime creature (IceCv)
  4 nagarajas (Snake:4)
  An iron dragon (Vaults:5)
  2 vault wardens (Vaults:5)
  An ironbound preserver (Vaults:5)
  A very ugly thing (Vaults:5)
  A stone giant (Vaults:5)
  A war gargoyle (Desolation)
  A bunyip (Swamp:4)
  An eleionoma (Swamp:2)
  A deep elf death mage (Elf:1)
  A vault guard (Vaults:5)
  2 ragged hierophants (Desolation)
  2 yaktaur captains (Vaults:2)
  3 servants of whispers (Desolation)
  2 ghost crabs
  2 naga warriors (Snake:4)
  3 naga sharpshooters (Snake:4)
  A hell knight (Vaults:5)
  A goliath frog (Swamp:1)
  An ironbound convoker (Vaults:2)
  2 swamp dragons
  2 bog bodies
  A deep elf archer (Elf:1)
  A naga ritualist (Snake:4)
  A necromancer (Vaults:5)
  2 deep elf zephyrmancers (Elf:1)
  A salamander (Snake:3)
  A will-o-the-wisp (Swamp:3)
  A vault sentinel (Vaults:5)
  A guardian serpent (Snake:4)
  A naga mage (Snake:4)
  An orange demon (Swamp:4)
  A yaktaur (Vaults:5)
  3 hornets (Swamp:1)
  10 saltlings (Desolation)
  6 spriggans
  3 nagas (Snake:4)
73 creatures vanquished.

Vanquished Creatures (others)
  Kirke (Swamp:2)
  A thorn hunter (Swamp:2)
  A draconian scorcher (Zot:4)
  A deep elf annihilator (Elf:1)
  An ettin (Vaults:5)
  A vault guard (Vaults:5)
  A dancing weapon (Elf:2)
  A naga warrior (Snake:3)
  An alligator (Lair:2)
  A spriggan (Swamp:1)
  A salamander mystic (Snake:3)
  A deep elf zephyrmancer (Elf:1)
  3 deep elf pyromancers
  3 bloated husks
  A hornet (Swamp:1)
  An air elemental (Elf:2)
  3 orcs (D:5)
  8 foxfires (Swamp:3)
31 creatures vanquished.

Grand Total: 2152 creatures vanquished

Notes
Turn   | Place    | Note
-------+----------+-------------------------------------------
     0 | D:1      | ptdevnull the Hill Orc Fighter began the quest for the Orb.
     0 | D:1      | Reached XP level 1. HP: 19/19 MP: 1/1
   133 | D:1      | Reached XP level 2. HP: 25/27 MP: 2/2
   524 | D:1      | Reached XP level 3. HP: 33/33 MP: 3/3
  1129 | D:2      | Reached XP level 4. HP: 41/41 MP: 4/4
  1211 | D:2      | Reached skill level 5 in Axes
  1416 | D:2      | Found a runed translucent door.
  1417 | D:2      | Noticed Crazy Yiuf
  1683 | D:2      | Killed Crazy Yiuf
  2328 | D:4      | Found an ornate altar of the Wu Jian Council.
  2342 | D:4      | Reached XP level 5. HP: 37/47 MP: 5/5
  2398 | D:4      | Noticed Menkaure
  2407 | D:4      | Killed Menkaure
  2408 | D:4      | Reached skill level 5 in Fighting
  2408 | D:4      | Reached XP level 6. HP: 31/56 MP: 6/6
  2549 | D:4      | Found a staircase to the Ecumenical Temple.
  2561 | Temple   | Entered the Ecumenical Temple
  2772 | Temple   | Became a worshipper of Qazlal Stormbringer
  2793 | D:4      | Noticed Pikel
  2808 | D:4      | Killed Pikel
  2809 | D:4      | Reached XP level 7. HP: 19/64 MP: 7/7
  3186 | D:4      | Found a blossoming altar of Fedhas.
  3226 | D:5      | Entered Level 5 of the Dungeon
  3226 | D:5      | Noticed a steam dragon
  3240 | D:5      | Killed a steam dragon
  3241 | D:5      | Reached skill level 10 in Axes
  3241 | D:5      | Reached XP level 8. HP: 40/73 MP: 8/8
  3407 | D:5      | Identified the +7 leather armour "Goidojio" {Str+2}
  3448 | D:5      | Noticed Duvessa
  3448 | D:5      | Noticed Dowan
  3454 | D:5      | Killed Dowan
  3463 | D:5      | Killed Duvessa
  3690 | D:5      | Found a shimmering altar of Xom.
  3691 | D:5      | Noticed Edmund
  3730 | D:5      | Killed Edmund
  3921 | D:5      | Found a runed translucent door.
  3922 | D:5      | Noticed ThrustWizard's ghost (novice GrEE)
  4182 | D:5      | Reached XP level 9. HP: 69/82 MP: 9/9
  4489 | D:6      | Found a glowing drain.
  4500 | D:6      | Reached * piety under Qazlal
  4512 | Sewer    | Entered a sewer
  4679 | Sewer    | Found a shimmering altar of Xom.
  4744 | Sewer    | Reached skill level 1 in Invocations
  4913 | D:6      | Found a shimmering blue altar of Sif Muna.
  5075 | D:6      | Found Ulogikia's CLEARANCE SALE!.
  5168 | D:6      | Reached ** piety under Qazlal
  5381 | D:6      | Found a hazy altar of Hepliaklqana.
  5532 | D:6      | Identified the ring of Miedus {Drain rElec rCorr MP+9
                  | Int+8}
  5730 | D:7      | Noticed a hornet
  5742 | D:7      | Killed a hornet
  6190 | D:7      | Found an iron altar of Okawaru.
  6450 | D:7      | Reached XP level 10. HP: 80/92 MP: 13/13
  6462 | D:7      | Reached skill level 5 in Invocations
  6740 | D:7      | Reached skill level 10 in Fighting
  7011 | D:7      | Reached *** piety under Qazlal
  7126 | D:7      | Reached skill level 15 in Axes
  7143 | D:7      | Noticed a manticore
  7151 | D:7      | Noticed a cyclops
  7158 | D:7      | Killed a manticore
  7174 | D:7      | Killed a cyclops
  7956 | D:7      | Found a radiant altar of Vehumet.
  8213 | D:8      | Noticed a two-headed ogre
  8215 | D:8      | Noticed a two-headed ogre
  8221 | D:8      | Killed a two-headed ogre
  8222 | D:8      | Reached skill level 10 in Invocations
  8222 | D:8      | Reached XP level 11. HP: 53/99 MP: 18/18
  8232 | D:8      | Killed a two-headed ogre
  8620 | D:8      | Found a sparkling altar of Nemelex Xobeh.
  8898 | D:9      | Found a sacrificial altar of Ru.
  8902 | D:9      | Found an ancient bone altar of Kikubaaqudgha.
  8902 | D:9      | Found a hide-covered altar of Uskayaw.
  8907 | D:9      | Found a glowing silver altar of Zin.
  9957 | D:9      | Reached **** piety under Qazlal
 10098 | D:10     | Entered Level 10 of the Dungeon
 10122 | D:10     | Noticed a two-headed ogre
 10132 | D:10     | Killed a two-headed ogre
 10182 | D:10     | Noticed Maggie
 10194 | D:10     | Killed Maggie
 10248 | D:10     | Reached skill level 5 in Shields
 10251 | D:10     | Reached skill level 5 in Armour
 10303 | D:10     | Noticed a soul eater
 10606 | D:10     | Found a flagged portal.
 10619 | Bailey   | Entered a bailey
 10763 | Bailey   | Noticed an orc sorcerer
 10764 | Bailey   | Reached XP level 12. HP: 106/106 MP: 21/21
 10821 | Bailey   | Reached ***** piety under Qazlal
 10877 | Bailey   | Found an iron altar of Okawaru.
 10877 | Bailey   | Noticed an orc high priest
 10893 | Bailey   | Killed an orc high priest
 11386 | Bailey   | Acquired 536 gold pieces
 11525 | D:10     | Found a staircase to the Lair.
 11604 | D:10     | Acquired a manual of Fighting
 11617 | D:10     | Noticed Nergalle
 11643 | D:10     | Killed Nergalle
 11873 | D:10     | Found a white marble altar of Elyvilon.
 11929 | D:10     | Reached XP level 13. HP: 125/125 MP: 24/24
 12185 | Lair:1   | Entered Level 1 of the Lair of Beasts
 12188 | Lair:1   | Reached skill level 15 in Fighting
 12196 | Lair:1   | Reached skill level 15 in Invocations
 12908 | Lair:1   | Noticed Amaemon
 12920 | Lair:1   | Killed Amaemon
 13672 | Lair:2   | Noticed Gastronok
 13684 | Lair:2   | Found a gate leading to a gauntlet.
 13697 | Lair:2   | Killed Gastronok
 13703 | Gauntlet | Entered a Gauntlet
 13703 | Gauntlet | Found a transporter.
 13703 | Gauntlet | Found a transporter.
 13768 | Gauntlet | Found a transporter.
 13769 | Gauntlet | Found a transporter.
 13779 | Gauntlet | Found a transporter.
 13783 | Gauntlet | Found a transporter.
 13788 | Gauntlet | Noticed a great orb of eyes
 13793 | Gauntlet | Found a transporter.
 13881 | Gauntlet | Found a transporter.
 13885 | Gauntlet | Found a transporter.
 13895 | Gauntlet | Found a transporter.
 13899 | Gauntlet | Found a transporter.
 13911 | Gauntlet | Found a transporter.
 14144 | Gauntlet | Killed a great orb of eyes
 14153 | Gauntlet | Identified the ring of the Cast Vote {rF+ MP+9 Dex+2}
 14229 | Gauntlet | Identified the +11 morningstar of the Moon {vorpal, Drain
                  | rC+ Str+3 Stlth+}
 14229 | Gauntlet | Noticed a minotaur
 14241 | Gauntlet | Killed a minotaur
 14242 | Gauntlet | Reached XP level 14. HP: 57/143 MP: 26/26
 14279 | Lair:2   | Reached skill level 1 in Maces & Flails
 15111 | Lair:2   | Reached skill level 5 in Maces & Flails
 15112 | Lair:2   | Found a staircase to the Swamp.
 15155 | Lair:2   | Noticed Erica
 15165 | Lair:2   | Killed Erica
 15241 | Lair:2   | Found a broken altar of Ashenzari.
 15840 | Lair:3   | Noticed Sonja
 15856 | Lair:3   | Killed Sonja
 16103 | Lair:3   | Found a staircase to the Snake Pit.
 16259 | Lair:3   | Identified the +0 robe "Foutog" {Fly rN+ Will+ Archmagi}
 16335 | Lair:3   | Reached ****** piety under Qazlal
 16759 | Lair:3   | Reached skill level 10 in Maces & Flails
 17685 | Lair:5   | Entered Level 5 of the Lair of Beasts
 18150 | Lair:4   | Reached XP level 15. HP: 100/149 MP: 27/27
 18368 | Lair:5   | Found a staircase to the Slime Pits.
 18369 | Lair:5   | Found a viscous altar of Jiyva.
 18578 | Lair:5   | Found the +1 robe of Vines {NoPotionHeal Regen++++}
 20007 | D:11     | Found a staircase to the Orcish Mines.
 20415 | Orc:1    | Entered Level 1 of the Orcish Mines
 20770 | Orc:1    | Noticed an orc warlord
 20787 | Orc:1    | Killed an orc warlord
 21135 | Orc:1    | Found Etusiap's Antique Armour Emporium.
 21140 | Orc:1    | Bought the +3 pair of mountain boots {steadfast, rC+} for
                  | 569 gold pieces
 21140 | Orc:1    | Found the +3 pair of mountain boots {steadfast, rC+}
 21253 | Orc:2    | Entered Level 2 of the Orcish Mines
 21734 | Orc:2    | Found a roughly hewn altar of Beogh.
 21738 | Orc:2    | Found Jotunus's Book Emporium.
 21976 | Orc:2    | Found a roughly hewn altar of Beogh.
 22044 | Orc:2    | Found Doluvedah's Weapon Boutique.
 22044 | Orc:2    | Found Datec's Magic Scroll Emporium.
 22062 | Orc:2    | Found a staircase to the Elven Halls.
 22390 | Orc:2    | Found Tebiteut's Armour Boutique.
 22390 | Orc:2    | Found Awair's Armour Emporium.
 22396 | Orc:2    | Bought a +2 kite shield of reflection for 296 gold pieces
 22420 | Orc:2    | Bought a +1 plate armour of willpower for 420 gold pieces
 23220 | D:12     | Found a burning altar of Makhleb.
 23220 | D:12     | Noticed a balrug
 23365 | D:13     | Noticed Frances
 23477 | D:13     | Reached XP level 16. HP: 155/160 MP: 28/28
 23549 | D:13     | Killed Frances
 23896 | D:13     | Found a portal to a secret trove of treasure.
 23985 | D:13     | Found a huge runed translucent gate.
 23987 | D:13     | Found a huge runed translucent gate.
 23988 | D:13     | Found a huge runed translucent gate.
 23990 | D:13     | Found a huge runed translucent gate.
 24460 | D:14     | Found an ornate altar of the Wu Jian Council.
 24773 | D:14     | Found a gate to the Vaults.
 24796 | D:14     | Found Enuloop's Assorted Antiques.
 24982 | D:15     | Entered Level 15 of the Dungeon
 25117 | D:15     | Reached skill level 10 in Shields
 25247 | D:15     | Reached skill level 10 in Armour
 25295 | D:15     | Found a staircase to the Depths.
 25324 | D:15     | Identified the +5 scale mail of Fatinypu {rC+}
 26151 | Swamp:1  | Entered Level 1 of the Swamp
 26401 | Swamp:1  | Identified the +2 leather armour of the Hall of Blades {rN+
                  | Int+3}
 26587 | Swamp:1  | Reached XP level 17. HP: 160/170 MP: 31/31
 27502 | Swamp:2  | Noticed Kirke
 27519 | Swamp:2  | Killed Kirke
 27849 | Swamp:2  | Reached XP level 18. HP: 178/178 MP: 32/32
 28463 | Swamp:3  | Found a hazy altar of Hepliaklqana.
 28785 | Orc:2    | Bought a scroll of identify for 26 gold pieces
 28785 | Orc:2    | Bought a scroll of identify for 26 gold pieces
 28785 | Orc:2    | Bought a scroll of identify for 26 gold pieces
 28785 | Orc:2    | Bought a scroll of enchant weapon for 97 gold pieces
 28785 | Orc:2    | Bought a scroll of identify for 26 gold pieces
 28993 | Swamp:4  | Entered Level 4 of the Swamp
 29436 | Swamp:4  | Noticed Donald
 29444 | Swamp:4  | Killed Donald
 29564 | Swamp:4  | Acquired 1137 gold pieces
 29813 | Swamp:4  | Got a decaying rune of Zot
 30437 | Snake:1  | Entered Level 1 of the Snake Pit
 30544 | Snake:1  | Noticed Nikola
 30548 | Snake:1  | Killed Nikola
 31817 | Snake:2  | Reached XP level 19. HP: 172/188 MP: 33/33
 31885 | Snake:2  | Reached skill level 15 in Maces & Flails
 31995 | Snake:2  | Found Cusuch's Distillery.
 31997 | Snake:2  | Found Ufuwkusy's Antique Armour Boutique.
 32000 | Snake:2  | Bought a potion of might for 52 gold pieces
 32000 | Snake:2  | Bought a potion of curing for 39 gold pieces
 32000 | Snake:2  | Bought a potion of berserk rage for 65 gold pieces
 32000 | Snake:2  | Bought a potion of curing for 39 gold pieces
 32066 | Snake:2  | Found Paschocri's Weapon Shop.
 32077 | Snake:2  | Found Qosuiheg's Antique Armour Shoppe.
 32112 | Snake:2  | Found Hoykkoer's Antique Armour Shoppe.
 32115 | Snake:2  | Bought a spiked plate armour for 532 gold pieces
 32115 | Snake:2  | Identified the +1 plate armour of the Lair of Beasts {rC-
                  | Str+6 Dex+4} (You bought it in a shop on level 2 of the
                  | Snake Pit)
 32724 | Snake:3  | Identified the +4 pair of boots of the Blue Skies {rC+
                  | Int+3 Dex-3 SInv}
 33424 | Snake:4  | Entered Level 4 of the Snake Pit
 34546 | Snake:4  | Got a serpentine rune of Zot
 35313 | Vaults:1 | Entered Level 1 of the Vaults
 35786 | Vaults:1 | Reached XP level 20. HP: 180/199 MP: 35/35
 37052 | Vaults:2 | Found a staircase to the Crypt.
 38202 | Vaults:2 | Found a large runed translucent door.
 38202 | Vaults:2 | Found a large runed translucent door.
 38202 | Vaults:2 | Found a large runed translucent door.
 38202 | Vaults:2 | Found a large runed translucent door.
 38202 | Vaults:2 | Found a large runed translucent door.
 38202 | Vaults:2 | Found a large runed translucent door.
 38202 | Vaults:2 | Found a large runed translucent door.
 38202 | Vaults:2 | Found a large runed translucent door.
 38202 | Vaults:2 | Noticed Huwui's ghost (adept DjRe)
 38269 | Vaults:2 | Killed Huwui's ghost
 38903 | Vaults:3 | Reached skill level 15 in Shields
 38941 | Vaults:3 | Found a crumbling gateway.
 38947 | Desolati | Entered the Desolation of Salt
 38987 | Desolati | Reached XP level 21. HP: 99/209 MP: 26/36
 39023 | Desolati | Reached skill level 15 in Armour
 39160 | Desolati | HP: 4/209 [saltling[a halazid warlock] (9)]
 39574 | Desolati | Found the +5 glaive of the Guard {elec, spectral, AC+5}
 39720 | Desolati | Identified the +0 plate armour of Valour {Str+5}
 39736 | Desolati | Identified the +4 scale mail "Baetys" {rN+ Dex-3 Slay+6}
 39807 | Desolati | Identified the ring "Pyes" {*Slow rElec rCorr Slay+4
                  | Stlth+}
 39814 | Desolati | Got the Reference Book on Alluring Conflict
 40179 | Desolati | Identified the +3 dagger "Demonbane" {vamp, Contam rN+
                  | Str+5}
 40335 | Desolati | Identified the +0 pair of boots "Zioluted" {rF+ rC+}
 40336 | Desolati | Identified the ring "Neguma" {Will+ Int+6}
 40345 | Desolati | Identified the +1 short sword "Torphasa" {freeze, *Noise
                  | Dex+6}
 42869 | Vaults:4 | Reached XP level 22. HP: 208/220 MP: 37/37
 43994 | Vaults:4 | Reached skill level 1 in Dodging
 44481 | Vaults:5 | Entered Level 5 of the Vaults
 44484 | Vaults:5 | Reached skill level 5 in Dodging
 44830 | Elf:1    | Entered Level 1 of the Elven Halls
 45132 | Elf:1    | Paralysed by an air elemental for 1 turns
 45842 | Elf:2    | Found a frozen archway.
 45866 | IceCv    | Entered an ice cave
 46349 | IceCv    | Found a viscous altar of Jiyva.
 46381 | IceCv    | Identified the +7 ice dragon scales of Minor Irritation
                  | {rF- rC++ rCorr MP-9 Int+2}
 46619 | Elf:2    | Reached XP level 23. HP: 227/227 MP: 39/39
 46917 | Elf:2    | Found a huge runed translucent gate.
 46917 | Elf:2    | Found a huge runed translucent gate.
 46928 | Elf:2    | Found a huge runed translucent gate.
 47080 | Elf:2    | Found a huge runed translucent gate.
 47080 | Elf:2    | Found a huge runed translucent gate.
 47275 | D:13     | You paid a toll of a +5 demon whip to enter a treasure
                  | trove
 47276 | Trove    | Entered a treasure trove
 47289 | Trove    | Identified the +1 helmet of Temperance {rC+ Str+3 Dex-2
                  | SInv}
 47312 | Trove    | Identified the amulet of Untruth {RegenMP Int+3}
 47314 | Trove    | Identified the amulet "Zaod" {Acrobat Str+2}
 47769 | Elf:2    | Reached skill level 10 in Dodging
 48024 | Elf:3    | Entered Level 3 of the Elven Halls
 48057 | Elf:3    | Paralysed by an air elemental for 1 turns
 48064 | Elf:3    | Paralysed by an air elemental for 1 turns
 48068 | Elf:3    | Paralysed by an air elemental for 1 turns
 48147 | Elf:3    | Got the Writings on Numb Bewitchment
 49291 | Elf:3    | Identified the +5 falchion "Weonkol" {protect, Str+3}
 49314 | Elf:3    | Identified the +8 dagger of Pouwnoz {flame, rF- rN+ Int+7
                  | SInv}
 49314 | Elf:3    | Identified the +0 leather armour of Modesty {rCorr}
 49333 | Elf:3    | Identified the quicksilver dragon scales of the Equinox
                  | {+Inv Will+ rCorr Int+4 Stlth-}
 49335 | Elf:3    | Identified the +4 battleaxe "Kebu" {freeze, rF- rC+ Will+++
                  | Dex+2}
 49335 | Elf:3    | Identified the amulet "Ykajeg" {Faith rPois Will+ Str-3
                  | SInv}
 49355 | Elf:3    | Identified the +6 quarterstaff "Noijeapt" {vorpal, rPois}
 49355 | Elf:3    | Identified the ring of Ebihuet {Contam +Blink rF+ rC+
                  | Str+4}
 49362 | Elf:3    | Identified the +0 leather armour of the Cooper {Str+5}
 49369 | Elf:3    | HP: 11/220 [???[a deep elf demonologist] (9)]
 49379 | Elf:3    | HP: 11/220 [???[a deep elf demonologist] (9)]
 49773 | Elf:3    | Identified the +0 scimitar of Extinguishment {venom, Fly
                  | Str+2 Dex+5}
 49773 | Elf:3    | Identified the +1 robe "Tatit" {rN+ Int-5 Slay+2 Stlth+}
 49992 | Elf:3    | Got the Collected Works on Atmospheric Wicked Arts
 49997 | Elf:3    | Identified the +7 longbow of the Bedazzling Fulmar {vorpal,
                  | rElec rF- Will+}
 50491 | Vaults:5 | Noticed a dread lich
 50523 | Vaults:5 | Killed a dread lich
 51101 | Depths:1 | Entered Level 1 of the Depths
 51102 | Depths:1 | Upgraded the game from 0.30-a0-458-g86641cc369 to
                  | 0.30-a0-459-g9104f0fc43
 51232 | Depths:1 | Reached XP level 24. HP: 238/238 MP: 39/39
 51478 | Depths:1 | Found Renkyofa's Weapon Boutique.
 51537 | Depths:1 | Noticed the Enchantress
 51779 | D:15     | Killed the Enchantress
 52348 | Depths:1 | Found a gateway to Hell.
 52425 | Depths:1 | Found an ancient bone altar of Kikubaaqudgha.
 53010 | Depths:2 | Found a one-way gate leading to the halls of Pandemonium.
 53017 | Depths:2 | Noticed Vv
 53036 | Depths:2 | Killed Vv
 53112 | Depths:2 | Found a glowing golden altar of the Shining One.
 54039 | Depths:3 | Identified the ring of Zuum {Ice Drain rCorr Int-5 SInv}
 54039 | Depths:3 | Noticed Josephina
 54050 | Depths:3 | Killed Josephina
 54091 | Depths:3 | Noticed a caustic shrike
 54102 | Depths:3 | Killed a caustic shrike
 54276 | Depths:3 | Found Yxotenal's Book Boutique.
 54276 | Depths:3 | Found Huesuski's Jewellery Emporium.
 54277 | Depths:3 | Found Koduatiu's Jewellery Emporium.
 54313 | Depths:3 | Paralysed by a floating eye for 2 turns
 54469 | Depths:3 | Found a one-way gate to the infinite horrors of the Abyss.
 54897 | Depths:4 | Entered Level 4 of the Depths
 55095 | Depths:4 | Identified the +1 pair of boots "Dacaudog" {Will+ rCorr}
 55250 | Depths:4 | Found a gate to the Realm of Zot.
 55250 | Depths:4 | Noticed Boris
 55258 | Depths:4 | Killed Boris
 56729 | Vaults:5 | Identified the +6 flail "Exarph" {freeze, +Blink rN++ Str-5
                  | Stlth-}
 56884 | Vaults:4 | Reached XP level 25. HP: 122/242 MP: 39/39
 58181 | Vaults:5 | Found Paolyaz's Magic Scroll Boutique.
 58194 | Vaults:5 | Found Maf Toqe's Magic Scroll Shop.
 58194 | Vaults:5 | Found Fuaso's Distillery.
 58213 | Vaults:5 | Found Jiap's Distillery.
 58268 | Vaults:5 | Got a silver rune of Zot
 58303 | Vaults:5 | Noticed Xtahua
 58311 | Vaults:5 | Killed Xtahua
 58426 | Vaults:5 | Found the +3 pair of gauntlets of War {Slay+5}
 58577 | Vaults:5 | Identified the ring "Ygham" {rN+ Dex+6}
 58608 | Vaults:5 | Identified the +11 lajatang of Imminent Death {antimagic,
                  | rElec Str-5 SInv Stlth+}
 58610 | Vaults:5 | Identified the amulet "Yruarchey" {Faith Drain Str+7}
 58869 | Vaults:5 | Found Daah's Distillery.
 58955 | Vaults:5 | Identified the +1 plate armour of Good Intentions {rN+
                  | Regen+ Stlth-}
 59026 | Vaults:5 | Found Reos's Distillery.
 59448 | D:5      | Killed ThrustWizard's ghost
 60261 | Zot:1    | Entered Level 1 of the Realm of Zot
 60261 | Zot:1    | Noticed an orb of fire
 60264 | Depths:4 | Upgraded the game from 0.30-a0-459-g9104f0fc43 to
                  | 0.31-a0-23-gcbde74481b
 61054 | Zot:1    | Gained mutation: You have a somewhat thin skeletal
                  | structure. (Dex +2, Stealth+) [an orb of fire]
 61057 | Zot:1    | Killed an orb of fire
 63747 | Zot:3    | Noticed a Killer Klown
 63763 | Zot:3    | Killed a Killer Klown
 63947 | Zot:3    | Reached XP level 26. HP: 111/256 MP: 40/40
 66176 | Zot:4    | Found the +4 dragonskin cloak
 66176 | Zot:4    | Noticed Tiamat
 66198 | Zot:4    | Killed Tiamat
 66971 | Crypt:1  | Entered Level 1 of the Crypt
 67003 | Crypt:1  | Noticed Grunn
 67017 | Crypt:1  | HP: 8/255 [doom hound[Grunn] (8)]
 67032 | Crypt:1  | HP: 10/255 [???[a doom hound] (8)]
 67032 | Crypt:1  | Slain by a Tzitzimitl

Illustrated notes

Levels and vault maps discovered:
D:1:      nicolae_arrival_memento_mori, layout_basic, st_stairs_6,
          minmay_surrounded
D:2:      layout_loops_ring, serial_rivers, chequers_serial_rivers_micro_c,
          chequers_serial_rivers_large_b, chequers_serial_rivers_marsh,
          chequers_serial_rivers_micro_c, chequers_serial_rivers_micro_e,
          chequers_serial_rivers_room_b, uniq_crazy_yiuf_cottage
D:3:      layout_basic, corexii_leaking_fountain
D:4:      layout_rooms, fedhas_altar_1, nicolae_wu_jian_wuxing_cycle,
          minmay_temple_entry_ruins, uniq_pikel, uniq_menkaure
D:5:      layout_basic, amcnicky_altar_gilded, ebering_ghost_reflecting_pool,
          uniq_duvessa, uniq_edmund
D:6:      layout_loops_ring, mainiacjoe_overflow_paths,
          worldfamousw_hep_ancestral_shrine, gup_sewer_entry_pipe,
          nicolae_shop_clearance
D:7:      minmay_the_grid_triangle_9x9_rhombus_full
          [minmay_the_grid_triangle_9x9_flanged_cone,
          minmay_the_grid_triangle_9x9_minimal,
          minmay_the_grid_triangle_9x9_skeleton,
          minmay_the_grid_triangle_9x9_dagger,
          minmay_the_grid_triangle_9x9_corrupted_corridor,
          minmay_the_grid_triangle_9x9_windchime,
          minmay_the_grid_triangle_9x9_limited_checkers,
          minmay_the_grid_triangle_9x9_prize_center], layout_loops_ring,
          kennysheep_little_box, nicolae_overflow_hidden_temple,
          minmay_joined_circles
D:8:      minmay_curly_fans, layout_cave_pools, lemuel_tele_altar
D:9:      cheibrodos_helix_gallery, layout_loops_corners, minitemple
D:10:     layout_basic, overflow_temple_1_default, erik_lair_island,
          enter_bailey_5, serial_park_tiny_1, minmay_misc_feat_rows, hex_large,
          minivault_19, nicolae_titane, uniq_nergalle, uniq_maggie
D:11:     layout_gridville, orc_0_dummy, serial_glass, glass_columns_c,
          glass_columns_c, item_on_display_a, due_unseen_surprise,
          item_on_display_a, grunt_decor_cap
D:12:     layout_irregular_city, makhleb_altar_promises_db
D:13:     lemuel_bear_cage, layout_cave_pools, nicolae_trove_entry_isolated,
          minmay_misc_feat_room, uniq_frances
D:14:     layout_loops_ring, skrybe_vaults_entry_preservation,
          old_standard_altar, serial_shops, shop_fountains
D:15:     hangedman_depths_entry_try_elsewhere_first, layout_loops_ring,
          minmay_door_square
Temple:   grunt_temple_mini_profane
Lair:1:   layout_cave_pods, uniq_amaemon
Lair:2:   layout_small_grid, palyth_hydra_swamp_entry, basic_altar,
          gauntlet_entry_generic, uniq_gastronok, uniq_erica
Lair:3:   lemuel_ratsnest, layout_chaotic_city,
          minmay_snake_entry_guardpost_large, minmay_lair_oklob_bushes,
          infiniplex_staircase_pool_2, uniq_sonja
Lair:4:   layout_regular_city
Lair:5:   grunt_lair_end_beastmaster, layout_cave_pods,
          nicolae_slime_entry_slimehenge, hellmonk_guarded_unrand_vines,
          grunt_megastairs_5
Swamp:1:  layout_falls_marsh, evilmike_swamp_ruin_house_2
Swamp:2:  layout_falls_marsh, evilmike_swamp_ruin_rubble_2,
          nicolae_swamp_trees_clearing, swamp_pool5, uniq_kirke
Swamp:3:  layout_basic_swamp, basic_altar, swamp_pool1,
          infiniplex_staircase_pool
Swamp:4:  swamp_vile, layout_basic_swamp, uniq_donald
Snake:1:  layout_layer_cave, nicolae_integral_box, uniq_nikola
Snake:2:  layout_misc_corridors, serial_shops, shop, nicolae_square_shop, shop,
          shop, nicolae_shop_behind_doors
Snake:3:  layout_honeycomb
Snake:4:  grunt_snake_rune_spirals, layout_onion, hangedman_snake_corridor_split
Orc:1:    layout_diamond_mine, serial_shops, nicolae_lakefront_shop,
          mines5_lemuel
Orc:2:    st_orc_town, layout_caves, basic_altar, serial_shops, shop_coins
Elf:1:    eino_elf_arrival_shootout, layout_loops_ring, hangedman_elf_disciples
Elf:2:    elven_hall_of_blades_hangedman_alternative
          [nicolae_blade_entry_pointy_end], layout_gridlike,
          portal_ice_cave_entry_ice_statue_two
Elf:3:    minmay_elf_hall_statues, layout_geoelf_octagon, drop_trap
Vaults:1: v_misc_33, vaults_room_semicircle, nicolae_vaults_little_squares_5,
          nicolae_vaults_alarming, hangedman_vaults_stretched_pinwheel,
          vaults_dpeg_doors, st_lines, vaults_mumra_chevron,
          vaults_standard_mumra_lines, v_misc_19, vaults_standard_mumra_x,
          layout_vaults_omnicross
Vaults:2: advil_vaults_ghost_lines, nicolae_vaults_asterisk,
          vaults_dpeg_emergency_exit, minmay_crypt_entry_simple_round,
          nicolae_vaults_an_arrangement, vaults_room_corners,
          vaults_dpeg_encased_lava, layout_vaults_omnigrid, uniq_margery
Vaults:3: portal_desolation_entry_nicolae_slug, nicolae_vaults_little_squares_1,
          hangedman_vaults_stitches, v_misc_25, hangedman_vaults_snaps,
          ontoclasm_vaults_echo, v_misc_29, nicolae_vaults_disjoint_gnomons,
          dpeg_vaults_monster_box, nicolae_vaults_stairing_the_circle,
          vaults_dpeg_ring, vaults_room_hallway, vaults_room_door_ring,
          vaults_room_pools, layout_vaults_ring
Vaults:4: ontoclasm_vaults_decontamination, ontoclasm_vaults_gallery,
          hangedman_vaults_nodes, grunt_vaults_twisty,
          hangedman_vaults_corner_blocks, v_misc_23, v_misc_8, v_misc_19,
          v_misc_27, vaults_room_fours, v_rooms_5, v_misc_17, v_misc_10,
          nicolae_vaults_little_squares_2, layout_vaults_big_room
Vaults:5: uniq_xtahua
Crypt:1:  layout_gridlike, serial_corexii_hall, corexii_hall_statues_l,
          chequers_hall_statues_y, st_stairs_3, grunt_megastairs_1,
          grunt_crypt_arrival_webbed, lemuel_upstairs_altar, uniq_sojobo,
          uniq_zenata, uniq_grunn
Depths:1: layout_cave_shapes, nicolae_benzene_ring, serial_shops,
          nicolae_shop_bloodbath_and_beyond, grunt_mini_vestibule,
          nicolae_twisting_strands, kennysheep_decorative_pillar,
          hangedman_decor_clover_reticule, minivault_16,
          kiku_gazebo_garden_becter, uniq_enchantress
Depths:2: abrahamwl_protected_by_tso_3, layout_gridville, enter_ziggurat_d,
          abyss_entry_flame_altar, infiniplex_enter_wizlab_water,
          nemelex_spade_bored_becter, serial_shops, shop, hell_entry, pan_entry,
          uniq_vv
Depths:3: minmay_containers, layout_cave_pools, minmay_misc_feat_more_columns,
          abyss_entry, hell_entry, infiniplex_staircase_star, minmay_shop_grove,
          uniq_josephina
Depths:4: grunt_zot_entry_funnels, layout_basic, pf_hell_entry_tar_spiral,
          eino_curves_02, lemuel_flamethrower_3, uniq_boris
Zot:1:    layout_basic, grunt_megastairs_2
Zot:2:    layout_concentric_octagons
Zot:3:    layout_twisted_circle
Zot:4:    layout_basic, uniq_tiamat

Skill      XL: |  1  2  3  4  5  6  7  8  9 10 11 12 13 14 15 16 17 18 19 20 21 22 23 24 25 26 |
---------------+-------------------------------------------------------------------------------+-----
Axes           | 3 4 6 7 9 10 12 14 16 | 16.0
Fighting       | 4 5 6 7 8 9 10 14 18 19 20 21 22 23 24 25 26 | 26.0
Invocations    | 4 10 13 14 16 17 20 21 22 23 24 25 26 | 26.8
Armour         | 6 7 8 10 11 12 13 14 16 17 18 19 | 19.5
Shields        | 6 7 8 10 11 12 13 15 17 19 20 21 | 21.7
Maces & Flails | 12 13 14 16 17 18 19 20 | 20.0
Dodging        | 9 10 11 12 13 | 13.2

Action                     |  1- 3 |  4- 6 |  7- 9 | 10-12 | 13-15 | 16-18 | 19-21 | 22-24 | 25-27 || total
---------------------------+-------+-------+-------+-------+-------+-------+-------+-------+-------++-------
  Melee: War axe           |    83 |    80 |   403 |   576 |   188 |       |       |       |       ||  1330
         Unarmed           |       |       |    12 |       |       |     6 |       |       |       ||    18
         Morningstar       |       |       |       |       |   871 |   732 |  1303 |  1549 |   620 ||  5075
 Invoke: Upheaval          |       |       |     1 |     2 |     3 |     1 |     6 |     3 |     2 ||    18
         Disaster Area     |       |       |       |       |     2 |     1 |     3 |     6 |     3 ||    15
         Elemental Force   |       |       |       |       |     1 |     9 |    16 |     9 |     3 ||    38
    Use: Potion            |       |     1 |     1 |     4 |     1 |     3 |     8 |    17 |    10 ||    45
         Scroll            |       |       |     6 |    19 |    13 |     7 |     5 |    20 |     8 ||    78
   Stab: Confused          |       |       |     1 |       |       |       |       |       |       ||     1
         Paralysed         |       |       |       |       |     2 |     6 |    15 |     3 |     2 ||    28
         Distracted        |       |       |       |       |       |     2 |       |       |     1 ||     3
 Armour: Scale mail        |    45 |    38 |    47 |       |       |       |       |       |       ||   130
         Leather armour    |       |       |   118 |   147 |       |       |       |       |       ||   265
         Skin              |       |       |     3 |       |       |     1 |       |       |       ||     4
         Chain mail        |       |       |       |     1 |   412 |       |       |       |       ||   413
         Plate armour      |       |       |       |       |    16 |   402 |   486 |   622 |   359 ||  1885
  Dodge: Dodged            |    50 |    27 |   138 |   163 |   261 |   117 |   164 |   337 |   262 ||  1519
         Repelled          |       |       |       |     4 |     6 |     5 |    19 |    13 |    22 ||    69
  Block: Buckler           |    22 |    18 |    89 |   169 |   600 |       |       |       |       ||   898
         Kite shield       |       |       |       |       |    64 |   769 |  1244 |  1590 |   886 ||  4553
         Reflection        |       |       |       |       |     3 |    33 |    82 |    84 |    40 ||   242
         Other             |       |       |       |       |       |     5 |       |       |       ||     5

Table legend: (Time is in decaauts)
 A = Elapsed time spent in this place.
 B = Non-inter-level travel time spent in this place.
 C = Inter-level travel time spent in this place.
 D = Time resting spent in this place.
 E = Time spent auto-exploring this place.
 F = Levels seen in this place.
 G = Mean time per level.
                   A        B        C        D        E       F      G
               +--------+--------+--------+--------+--------+-----+--------+
         Total |  66374 |  59658 |   6716 |   6318 |  41753 |  54 | 1229.1 |
       Dungeon |  16779 |  14956 |   1823 |   1321 |  10814 |  15 | 1118.6 |
        Temple |    225 |    187 |     38 |      0 |    182 |   1 |  225.0 |
          Lair |   7346 |   6746 |    600 |    368 |   5355 |   5 | 1469.2 |
         Swamp |   3985 |   3681 |    304 |    475 |   2481 |   4 |  996.2 |
     Snake Pit |   4678 |   4466 |    212 |     81 |   3705 |   4 | 1169.5 |
  Orcish Mines |   2494 |   2010 |    484 |    262 |   1323 |   2 | 1247.0 |
   Elven Halls |   4139 |   3892 |    247 |    790 |   2134 |   3 | 1379.7 |
        Vaults |  11696 |   9895 |   1801 |   1874 |   6217 |   5 | 2339.2 |
         Crypt |     61 |     61 |      0 |      0 |     15 |   1 |   61.0 |
        Depths |   5641 |   4663 |    978 |    860 |   2805 |   4 | 1410.2 |
           Zot |   5383 |   5158 |    225 |      0 |   4376 |   4 | 1345.8 |
         Trove |    104 |    104 |      0 |      0 |      0 |   1 |  104.0 |
         Sewer |    301 |    301 |      0 |      0 |    159 |   1 |  301.0 |
        Bailey |    762 |    762 |      0 |      0 |    606 |   1 |  762.0 |
      Ice Cave |    652 |    652 |      0 |      0 |    383 |   1 |  652.0 |
    Desolation |   1583 |   1583 |      0 |    287 |    837 |   1 | 1583.0 |
      Gauntlet |    538 |    538 |      0 |      0 |    357 |   1 |  538.0 |
               +--------+--------+--------+--------+--------+-----+--------+

Top non-repeatable levels by time:
Vaults:4: 3494 daAuts
Vaults:2: 2799 daAuts
Vaults:3: 2511 daAuts
     D:7: 2467 daAuts
   Elf:3: 2074 daAuts
Depths:4: 1913 daAuts
  Lair:2: 1750 daAuts
Vaults:1: 1718 daAuts
    D:15: 1715 daAuts
   Zot:4: 1699 daAuts
   Zot:3: 1682 daAuts
 Snake:4: 1680 daAuts
   Orc:2: 1644 daAuts
Desolation: 1583 daAuts
  Lair:1: 1433 daAuts
